 Dungeon Crawl Stone Soup version 0.30-a0-652-gcc886f7154 (webtiles) character file.

Game seed: 23398954460577885

320 BigDaddyOpFi the Trooper (level 6, -1/55 HPs)
             Began as a Draconian Fighter on Jan 17, 2023.
             Slain by an endoplasm (2 damage)
             ... on level 2 of the Dungeon.
             The game lasted 00:01:35 (1383 turns).

BigDaddyOpFi the Trooper (Draconian Fighter)        Turns: 1383, Time: 00:01:36

Health: -1/55      AC: -13   Str: 20    XL:     6   Next: 22%
Magic:  6/6        EV: 12    Int:  8    God:
Gold:   66         SH:  4    Dex: 11    Spells: 5/5 levels left

rFire   . . .      SeeInvis +    a - +0 war axe
rCold   . . .      Faith    .    b - +0 buckler
rNeg    . . .      Spirit   .    (body armour unavailable)
rPois   .          Reflect  .    (helmet restricted)
rElec   .          Harm     .    (no cloak)
rCorr   .          Rampage  .    (no gloves)
Will    .....                    e - +0 pair of boots
Stlth   +                        (no amulet)
HPRegen 0.29/turn                j - ring of see invisible
MPRegen 0.10/turn                (no ring)

@: mighty, brilliant, corroded, hasted, very quick
A: AC +6, unfitting armour, cold-blooded
a: no special abilities


You were on level 2 of the Dungeon.
You visited 1 branch of the dungeon, and saw 2 of its levels.

You collected 66 gold pieces.

Inventory:

Hand Weapons
 a - a +0 war axe (weapon)
Armour
 b - a +0 buckler (worn)
 e - a +0 pair of boots (worn)
Jewellery
 j - a ring of see invisible (left hand)
Scrolls
 d - a scroll of brand weapon {unknown}
 g - 4 scrolls of identify {unknown}
 h - a scroll of poison {unknown}
 k - a scroll of magic mapping {unknown}
 m - 3 scrolls of silence {unknown}
 o - a scroll of teleportation {unknown}
Potions
 c - a potion of might
 l - a potion of haste
 n - a potion of cancellation {unknown}
 p - a potion of curing {unknown}


   Skills:
 + Level 4.8 Fighting
 + Level 3.6 Axes
 + Level 3.9 Dodging
 + Level 4.3 Shields


You had 5 spell levels left.
You didn't know any spells.
Your spell library was empty.

Dungeon Overview and Level Annotations

Branches:
Dungeon (2/15)

Altars:
Nemelex Xobeh


Innate Abilities, Weirdness & Mutations

Your plain brown scales are hard. (AC +6)
You cannot fit into any form of body armour.
You are cold-blooded and may be slowed by cold attacks.


Message History

The endoplasm freezes you.
You are frozen.
* * * LOW HITPOINT WARNING * * *
You hit the jelly but do no damage.
Your hands burn!
* * * LOW HITPOINT WARNING * * *
The jelly is severely wounded.
The jelly hits you.
* * * LOW HITPOINT WARNING * * *
You are splashed with acid.
* * * LOW HITPOINT WARNING * * *
It was a potion of haste.
You feel yourself speed up. The jelly completely misses you.
You slash the jelly!
You kill the jelly!
You slash the endoplasm!
You kill the endoplasm!
You slash the endoplasm!
You kill the endoplasm!
You hit the endoplasm.
You kill the endoplasm!
You slash the endoplasm!
You kill the endoplasm!
The endoplasm jiggles.
You hit the endoplasm.
The endoplasm is severely wounded.
The endoplasm freezes you.
You are frozen.
* * * LOW HITPOINT WARNING * * *
You barely miss the endoplasm.
The endoplasm is severely wounded.
The endoplasm hits you.
* * * LOW HITPOINT WARNING * * *
It was a potion of brilliance.
You feel clever all of a sudden.
You hit the endoplasm but do no damage.
You tail-slap the endoplasm, but do no damage.
The endoplasm is severely wounded.
The endoplasm jiggles.
The endoplasm hits you.
You die...

##.).).##
...###
#..).)..#
..#
#...)...#
..
#.......#
#.......#
####....#
##..'....#
#.########
.
##..).@J##
...
#######J#
...
JP..J....#
..
.PJP.P.J.#
##.
J÷..JP...#
#..
.P..JP...#
#########.#
....÷..÷.#
...........
$........#
########..#
##########
#........#


You could see 2 endoplasms.

Vanquished Creatures
  Sigmund (D:2)
  3 jellies (D:2)
  An adder (D:2)
  2 worms (D:2)
  A dart slug (D:1)
  5 ball pythons
  7 endoplasms
  2 giant cockroaches (D:1)
  4 goblins
  A hobgoblin (D:1)
  5 jackals (D:1)
  8 kobolds (D:2)
  4 quokkas
  2 bats (D:1)
  2 frilled lizards
  4 rats
52 creatures vanquished.

Vanquished Creatures (others)
  5 fungi (D:2)
  7 toadstools (D:2)
12 creatures vanquished.

Grand Total: 64 creatures vanquished

Notes
Turn   | Place    | Note
-------+----------+-------------------------------------------
     0 | D:1      | BigDaddyOpFi the Draconian Fighter began the quest for the
                  | Orb.
     0 | D:1      | Reached XP level 1. HP: 19/19 MP: 1/1
   172 | D:1      | Reached XP level 2. HP: 23/26 MP: 2/2
   883 | D:2      | Noticed Sigmund
   883 | D:2      | Found a sparkling altar of Nemelex Xobeh.
   890 | D:2      | Killed Sigmund
   891 | D:2      | Reached XP level 3. HP: 27/34 MP: 3/3
   891 | D:2      | Reached XP level 4. HP: 33/41 MP: 4/4
   891 | D:2      | Reached XP level 5. HP: 37/47 MP: 5/5
  1369 | D:2      | Reached XP level 6. HP: 12/53 MP: 6/6
  1381 | D:2      | HP: 1/55 [endoplasm (3)]
  1383 | D:2      | Slain by an endoplasm

Illustrated notes

Levels and vault maps discovered:
D:1:      minmay_arrival_stair_chambers, layout_basic
D:2:      cheibrodos_fertilizer, layout_rooms, basic_altar, chequers_arboretum,
          nicolae_wormholes, uniq_sigmund

Skill      XL: |  1  2 |
---------------+-------+-----
Dodging        | 3 |  3.9
Fighting       | 4 |  4.8
Axes           | 3 |  3.6
Shields        | 4 |  4.3

Action                   |  1- 3 |  4- 6 || total
-------------------------+-------+-------++-------
Melee: War axe           |    51 |    62 ||   113
       Tailslap          |     8 |    14 ||    22
  Use: Potion            |     1 |     5 ||     6
 Stab: Sleeping          |     1 |     1 ||     2
Armor: Skin              |    24 |    21 ||    45
Dodge: Dodged            |    41 |    32 ||    73
Block: Buckler           |    13 |    12 ||    25

Table legend: (Time is in decaauts)
 A = Elapsed time spent in this place.
 B = Non-inter-level travel time spent in this place.
 C = Inter-level travel time spent in this place.
 D = Time resting spent in this place.
 E = Time spent auto-exploring this place.
 F = Levels seen in this place.
 G = Mean time per level.
                   A        B        C        D        E       F      G
               +--------+--------+--------+--------+--------+-----+--------+
         Total |   1426 |   1380 |     46 |      0 |   1079 |   2 |  713.0 |
       Dungeon |   1426 |   1380 |     46 |      0 |   1079 |   2 |  713.0 |
               +--------+--------+--------+--------+--------+-----+--------+

Top non-repeatable levels by time:
     D:1: 904 daAuts
     D:2: 522 daAuts
